 Dungeon Crawl Stone Soup version 0.29.1 (webtiles) character file.

Game seed: 11455630200515148940

4 jamesp the Conjurer (level 1, -1/14 HPs)
             Began as a Draconian Conjurer on Sept 13, 2022.
             Slain by a quokka (2 damage)
             ... on level 1 of the Dungeon.
             The game lasted 00:01:05 (308 turns).

jamesp the Conjurer (Draconian Conjurer)             Turns: 308, Time: 00:01:05

Health: -1/14      AC:  4    Str:  9    XL:     1   Next: 58%
Magic:  1/3        EV: 12    Int: 18    God:
Gold:   9          SH:  0    Dex:  9    Spells: 3/4 levels left

rFire   . . .      SeeInvis .   c - +0 club
rCold   . . .      Faith    .   (no shield)
rNeg    . . .      Spirit   .   (body armour unavailable)
rPois   .          Reflect  .   (helmet restricted)
rElec   .          Harm     .   (no cloak)
rCorr   .          Rampage  .   (no gloves)
Will    .....                   (no boots)
Stlth   ++........              (no amulet)
HPRegen 0.04/turn               (no ring)
MPRegen 0.08/turn               (no ring)

@: no status effects
A: AC +4, unfitting armour, cold-blooded
a: no special abilities


You were on level 1 of the Dungeon.
You visited 1 branch of the dungeon, and saw 1 of its levels.

You collected 9 gold pieces.

Inventory:

Hand Weapons
 c - a +0 club (weapon)
Scrolls
 b - a scroll of enchant armour {unknown}
 d - 3 scrolls of identify {unknown}
Potions
 a - a potion of magic


   Skills:
 + Level 1.9 Dodging
 - Level 1.7 Stealth
 + Level 2.1 Spellcasting
 + Level 4.0 Conjurations


You had 3 spell levels left.
You knew the following spells:

 Your Spells              Type           Power      Damage    Failure   Level
a - Magic Dart            Conj           64%        1d6       3%          1

Your spell library contained the following spells:

 Spells                   Type           Power      Damage    Failure   Level
 Searing Ray              Conj           32%        2d5       4%          2
 Dazzling Flash           Conj/Hex       18%        N/A       24%         3
 Fulminant Prism          Conj/Hex       4%         3d6       61%         4
 Iskenderun's Mystic Bla  Conj/Tloc      9%         2d4       61%         4


Dungeon Overview and Level Annotations

Branches:
Dungeon (1/15)

Altars:


Innate Abilities, Weirdness & Mutations

Your plain brown scales are hard. (AC +4)
You cannot fit into any form of body armour.
You are cold-blooded and may be slowed by cold attacks.


Message History

The quokka bites you.
The quokka bites you but does no damage.
You barely miss the quokka.
The quokka is lightly wounded.
The quokka barely misses you.
You hit the quokka.
Your tail-slap misses the quokka.
The quokka is heavily wounded.
The quokka bites you. x2
You hit the quokka.
The quokka is severely wounded.
The quokka bites you.
* * * LOW HITPOINT WARNING * * *
You hit the quokka but do no damage.
Your tail-slap misses the quokka.
The quokka is severely wounded.
The quokka bites you.
* * * LOW HITPOINT WARNING * * *
The quokka barely misses you.
You barely miss the quokka.
The quokka is severely wounded.
The quokka barely misses you.
Aiming: Magic Dart (safe; 3% risk of failure)
Press: ? - help, Q - select action Shift-Dir - straight line, f/p - quokka
Aim: a quokka (severely wounded, 100% to hit)
You miscast Magic Dart.
You are very lightly contaminated with residual magic.
Nothing appears to happen.
The quokka closely misses you. The quokka completely misses you.
You don't have enough magic to cast this spell.
A quokka is nearby!
You see here a quokka corpse.
The quokka attacks as you move away! The quokka misses you.
The quokka attacks as you move away!
The quokka bites you but does no damage.
The quokka barely misses you.
Your magical contamination has completely faded away.
The quokka attacks as you move away!
The quokka bites you but does no damage.
The quokka attacks as you move away! The quokka barely misses you.
The quokka bites you.
You die...

#.##.##.##.... #.
.....##.#.##
#..#..........
#..#.#..##.#.###.##
#..#.......#...)...
#.......#.....#
#####
#......†..#.##
#...#
###.#.###.#.###.#
..#.#
#.#@.........[#
#..g######
#.r.......#####
##.......###
#########.#
#######...# ##.##
########...# #...#
......<#...# #...#
######.#...# #...#
#)...#.#...## #...#
#>...#.#....##
######...##.#


You could see a quokka.

Vanquished Creatures
  A giant cockroach (D:1)
  A hobgoblin (D:1)
  A quokka (D:1)
  A goblin (D:1)
4 creatures vanquished.

Notes
Turn   | Place    | Note
-------+----------+-------------------------------------------
     0 | D:1      | jamesp the Draconian Conjurer began the quest for the Orb.
     0 | D:1      | Reached XP level 1. HP: 14/14 MP: 3/3
    10 | D:1      | Noticed an ogre
   308 | D:1      | Slain by a quokka

Illustrated notes

Levels and vault maps discovered:
D:1:      evilmike_arrival_come_back, layout_loops_cross,
          dreamdust_ecumenical_altar_drowned_temple,
          nicolae_concentric_dashed_squares_wild, nrook_mini_backslash

Action                   || total
-------------------------++-------
Melee: Unarmed           ||    24
       Club              ||    11
       Tailslap          ||     5
       Punch             ||     1
 Cast: Magic Dart        ||     9
Armor: Skin              ||    18
Dodge: Dodged            ||    26
